 Dungeon Crawl Stone Soup version 0.25-a0-510-ge065f6de7d (webtiles) character file.

Game seed: 10211490789267276828, levelgen mode: deterministic

526 Roikka the Sneak (level 7, -14/36 HPs)
             Began as a Kobold Summoner on Feb 15, 2020.
             Killed by divine providence
             ... invoked by an orc priest
              (15 damage)
             ... on level 5 of the Dungeon.
             The game lasted 00:13:46 (4503 turns).

Roikka the Sneak (Kobold Summoner)                  Turns: 4503, Time: 00:13:47

Health: -14/36     AC:  3    Str:  7    XL:     7   Next: 47%
Magic:  12/12      EV: 15    Int: 16    God:
Gold:   323        SH:  0    Dex: 16    Spells: 7/13 levels left

rFire    . . .     SeeInvis .   a - +3 dagger (venom)
rCold    . . .     Gourm    .   (shield restricted)
rNeg     . . .     Faith    .   r - +0 leather armour
rPois    .         Spirit   .   (no helmet)
rElec    .         Reflect  .   (no cloak)
rCorr    .         Harm     .   (no gloves)
MR       .....                  (no boots)
Stlth    +++.......             p - amulet of regeneration
HPRegen  0.52/turn              l - +1 ring of evasion
MPRegen  0.13/turn              n - ring of flight

@: no status effects
A: small, carnivore
a: Evoke Flight


You were on level 5 of the Dungeon.
You were completely stuffed.

You visited 1 branch of the dungeon, and saw 5 of its levels.

You collected 323 gold pieces.

Inventory:

Hand Weapons
 a - a +3 dagger of venom (weapon)
 b - a +0 short sword
Missiles
 j - 5 curare-tipped darts (quivered)
Armour
 m - a +0 buckler
 r - a +0 leather armour (worn)
Jewellery
 i - an uncursed ring of resist corrosion {unknown}
 l - a +1 ring of evasion (left hand)
 n - a ring of flight (right hand)
 p - an amulet of regeneration (around neck)
Scrolls
 g - 2 scrolls of fear
 k - 4 scrolls of remove curse
 s - a scroll of enchant weapon
 t - a scroll of identify
Potions
 d - 2 potions of agility
 e - a potion of cancellation {unknown}
 h - a potion of berserk rage {unknown}
 o - 2 potions of curing {unknown}
 q - a potion of flight
Comestibles
 c - 14 rations
 f - 2 chunks of flesh


   Skills:
 * Level 4.8 Short Blades
 - Level 2.4 Dodging
 * Level 6.1 Stealth
 + Level 3.7 Spellcasting
 - Level 2.0 Hexes
 + Level 5.0 Summonings


You had 7 spell levels left.
You knew the following spells:

 Your Spells              Type           Power        Failure   Level  Hunger
a - Summon Small Mammal   Summ           ###.         3%          1    None
b - Call Imp              Summ           ###.....     4%          2    ##.....
c - Summon Guardian Gole  Hex/Summ       ##......     19%         3    ###....

Your spell library contained the following spells:

 Spells                   Type           Power        Failure   Level  Hunger
 Call Canine Familiar     Summ           ###.....     10%         3    ###....
 Summon Ice Beast         Ice/Summ       ##......     67%         4    ####...
 Summon Lightning Spire   Summ/Air       ##......     67%         4    ####...


Dungeon Overview and Level Annotations

Branches:
Dungeon (5/15)
 Temple: D:4-7

Altars:
Qazlal
Wu Jian


Innate Abilities, Weirdness & Mutations

You are small and have problems with some larger weapons.
You are carnivorous and can eat meat at any time.


Message History

An orc priest and a zombie come into view.
An orc comes into view. It is wielding a +0 hand axe.
An orc wizard comes into view. It is wielding a +0 dagger.
The orc wizard shouts!
The orc priest shouts!
The orc shouts!
The orc priest shouts!
You hear an angry hiss.
An adder comes into view.
The orc priest barely misses you. The adder bites you.
You hit the orc priest but do no damage.
The orc priest is poisoned.
The orc priest hits you.
The orc priest calls down the wrath of Beogh upon you.
Beogh smites you! The adder barely misses you.
The orc priest casts a cantrip, but nothing happens.
The orc priest invokes the aid of Beogh against you.
Beogh smites you!
The orc priest calls down the wrath of Beogh upon you.
Beogh smites you!
* * * LOW HITPOINT WARNING * * *
The orc priest invokes the aid of Beogh against you.
Beogh smites you!
You die...

####### ...
#o ......#
..##o #####.#
# #.#o
#####.#
#.##..######
......#
#...oo......
#####.# #o#
#.## #.# #..#
#Z## ####
######@.###
#.........#
#.#
#.#####.#.#
#.# #.# .#...
...
###########.#
.# ### #.##
............#
.. ...#
.############
## #.. .#
#>#####. .#
#...ooo.


You could see 3 orc priests and a leopard gecko zombie.

Vanquished Creatures
  An orc warrior (D:5)
  A sky beast (D:5)
  A hound (D:5)
  2 orc wizards (D:4)
  4 gnolls (D:5)
  6 adders
  A shadow imp (D:5)
  An ooze (D:2)
  2 adder skeletons
  3 worms
  3 dart slugs (D:2)
  3 leopard geckos
  4 orcs (D:3)
  3 bats
  7 giant cockroaches
  5 hobgoblins
  6 jackals
  3 kobolds
  4 quokkas
  3 ball pythons
  A ball python zombie (D:5)
  3 frilled lizards
  2 goblins (D:2)
  A leopard gecko zombie (D:4)
  A quokka skeleton (D:4)
  A rat (D:2)
72 creatures vanquished.

Vanquished Creatures (collateral kills)
  A crimson imp (D:5)
  A howler monkey zombie (D:5)
  2 gnolls (D:5)
  2 adders
  An ooze (D:4)
  An adder skeleton (D:5)
  A worm (D:3)
  2 leopard geckos
  An orc (D:3)
  3 goblins
  A hobgoblin (D:1)
  A jackal (D:3)
  A bat (D:3)
  3 frilled lizards
  A kobold (D:3)
  A rat (D:3)
23 creatures vanquished.

Grand Total: 95 creatures vanquished

Notes
Turn   | Place    | Note
-------+----------+-------------------------------------------
     0 | D:1      | Roikka the Kobold Summoner began the quest for the Orb.
     0 | D:1      | Reached XP level 1. HP: 10/10 MP: 3/3
   297 | D:1      | Reached skill level 3 in Stealth
   297 | D:1      | Reached XP level 2. HP: 13/15 MP: 1/5
   302 | D:1      | Reached skill level 1 in Short Blades
   328 | D:1      | Learned a level 2 spell: Call Imp
  1135 | D:2      | Found a stormy altar of Qazlal.
  1140 | D:2      | Reached XP level 3. HP: 17/19 MP: 6/6
  1326 | D:2      | Found a faded altar of an unknown god.
  1965 | D:2      | Found an ornate altar of the Wu Jian Council.
  2100 | D:2      | Reached XP level 4. HP: 22/24 MP: 8/8
  2611 | D:3      | Learned a level 3 spell: Summon Guardian Golem
  2812 | D:3      | Reached skill level 4 in Stealth
  2942 | D:3      | Reached XP level 5. HP: 28/28 MP: 9/9
  3235 | D:4      | Reached skill level 1 in Hexes
  3499 | D:4      | Reached XP level 6. HP: 31/32 MP: 7/10
  3910 | D:5      | Entered Level 5 of the Dungeon
  4001 | D:5      | Reached skill level 5 in Stealth
  4109 | D:5      | Noticed an orc warrior
  4170 | D:5      | Killed an orc warrior
  4170 | D:5      | Reached XP level 7. HP: 36/36 MP: 7/12
  4396 | D:5      | Reached skill level 6 in Stealth
  4396 | D:5      | Reached skill level 5 in Summonings
  4503 | D:5      | HP: 1/36 [orc priest/divine providence (12)]
  4503 | D:5      | Killed from afar by an orc priest

Levels and vault maps discovered:
D:1:      lightli_arrival_lavapool, layout_loops_ring, solitary_fountain
D:2:      layout_basic, lemuel_crystal_altar, marbit_many_paths,
          chequers_ecumenical_altar_simple_redux
D:3:      layout_rooms
D:4:      layout_loops_ring, first_ration
D:5:      layout_loops_ring, amethyst_overflow_temple_binary, basic_altar,
          minmay_misc_feat_enclosed

Skill      XL: |  1  2  3  4  5  6  7 |
---------------+----------------------+-----
Stealth        | 3 4 5 6 |  6.1
Short Blades   | 1 2 3 4 |  4.8
Spellcasting   | 3 |  3.7
Hexes          | 1 2 |  2.0
Summonings     | 5 |  5.0
Dodging        | |  2.4

Action                   |  1- 3 |  4- 6 |  7- 9 || total
-------------------------+-------+-------+-------++-------
Melee: Short sword       |    57 |       |       ||    57
       Dagger            |    15 |   148 |    21 ||   184
Throw: Dart              |       |     3 |       ||     3
 Cast: Summon Small Mamm |    11 |    15 |       ||    26
       Call Imp          |     6 |    23 |     1 ||    30
  Use: Scroll            |       |    12 |       ||    12
 Stab: Sleeping          |     5 |     8 |     2 ||    15
       Distracted        |     1 |     2 |     1 ||     4
  Eat: Chunk             |    12 |     8 |     1 ||    21
Armor: Robe              |    15 |     5 |       ||    20
       Leather armour    |       |     7 |     1 ||     8
Dodge: Dodged            |    61 |   118 |    11 ||   190

Table legend:
 A = Non-vault XP
 B = Vault XP
 C = Vault XP percentage of total XP
 D = Non-vault monster count
 E = Vault monster count
 F = Vault count percentage of total count
                 A         B        C        D         E       F
            +---------+---------+-------+---------+---------+-------
      Total |     750 |       2 |   0.3 |      94 |       1 |   1.1
            +---------+---------+-------+---------+---------+-------
        D:1 |      23 |       0 |   0.0 |      15 |       0 |   0.0
        D:2 |      60 |       2 |   3.2 |      16 |       1 |   5.9
        D:3 |      78 |       0 |   0.0 |      29 |       0 |   0.0
        D:4 |     128 |       0 |   0.0 |      16 |       0 |   0.0
        D:5 |     461 |       0 |   0.0 |      18 |       0 |   0.0
            +---------+---------+-------+---------+---------+-------
